 Dungeon Crawl Stone Soup version 0.29-a0-350-g7790a0e70a (webtiles) character file.

Game seed: 17776119488075254649

105 Hubjo the Sneak (level 4, 0/28 HPs)
             Began as a Deep Elf Monk on Apr 22, 2022.
             Slain by a jackal (2 damage)
             ... on level 3 of the Dungeon.
             The game lasted 00:04:40 (1980 turns).

Hubjo the Sneak (Deep Elf Monk)                     Turns: 1980, Time: 00:04:41

Health: 0/28       AC:  6    Str:  8    XL:     4   Next: 53%
Magic:  6/6        EV: 14    Int: 15    God:
Gold:   103        SH:  0    Dex: 19    Spells: 3/3 levels left

rFire   . . .      SeeInvis .   o - +0 short sword (drain)
rCold   . . .      Faith    .   (no shield)
rNeg    . . .      Spirit   .   b - +0 robe
rPois   .          Reflect  .   (no helmet)
rElec   .          Harm     .   (no cloak)
rCorr   .          Rampage  +   (no gloves)
Will    .....      Rnd*Tele +   g - +1 pair of boots {rampage}
Stlth   +++.......              (no amulet)
HPRegen 0.09/turn               (no ring)
MPRegen 0.10/turn               (no ring)

@: about to teleport
A: iridescent scales 1, teleportitis 1
a: no special abilities


You were on level 3 of the Dungeon.
You visited 1 branch of the dungeon, and saw 3 of its levels.

You collected 103 gold pieces.

Inventory:

Hand Weapons
 a - a +0 short sword
 o - a +0 short sword of draining (weapon)
Missiles
 p - 5 javelins (quivered)
Armour
 b - a +0 robe (worn)
 g - a +1 pair of boots of rampaging (worn)
Wands
 n - a wand of flame (23)
Scrolls
 c - a scroll of fog {unknown}
 d - 2 scrolls of enchant weapon {unknown}
 e - a scroll of teleportation
 h - a scroll of brand weapon {unknown}
 i - a scroll of fear {unknown}
 k - a scroll of blinking {unknown}
 m - 3 scrolls of identify {unknown}
 q - 3 scrolls of amnesia {unknown}
Potions
 f - a potion of cancellation {unknown}
 j - a potion of attraction {unknown}
 l - a potion of haste {unknown}
 r - a potion of mutation


   Skills:
 * Level 3.5 Fighting
 - Level 3.0 Short Blades
 - Level 3.6 Dodging
 * Level 4.7 Stealth


You had 3 spell levels left.
You didn't know any spells.
Your spell library was empty.

Dungeon Overview and Level Annotations

Branches:
Dungeon (3/15)

Altars:
Uskayaw

Shops:
D:2 *


Innate Abilities, Weirdness & Mutations

You are partially covered in iridescent scales. (AC +2)
You are occasionally teleported next to monsters.


Message History

You barely miss the adder.
The adder is moderately wounded.
You feel sick. The adder bites you but does no damage.
The jackal bites you but does no damage.
The jackal misses you. x2
You hit the adder.
The adder is severely wounded.
You feel sick. The adder bites you.
You are more poisoned.
The adder poisons you! The jackal bites you.
The jackal bites you but does no damage.
The jackal closely misses you.
You miss the adder.
The adder is severely wounded.
You feel sick. The adder bites you but does no damage.
The jackal bites you but does no damage.
The jackal bites you. The jackal closely misses you. The adder bites you.
The jackal misses you.
You closely miss the adder.
The adder is severely wounded.
You feel sick. The jackal closely misses you. The jackal bites you.
* * * LOW HITPOINT WARNING * * *
The jackal bites you but does no damage.
The adder closely misses you. The jackal closely misses you.
The jackal misses you.
As you read the scroll labelled VIAMMY AZXUK, it crumbles to dust.
You feel strangely unstable.
It was a scroll of teleportation.
You feel sick. The jackal barely misses you. The adder bites you.
* * * LOW HITPOINT WARNING * * *
The jackal bites you but does no damage.
The jackal closely misses you.
It was a potion of mutation.
You feel extremely strange.
You feel weirdly uncertain.
Iridescent scales grow over part of your body.
You feel sick.
You are no longer poisoned.
The jackal bites you.
* * * LOW HITPOINT WARNING * * *
The jackal misses you. The jackal bites you.
You die...

#......).. #.
......## ......... .
.#..... .. ##.##...
..... .......#.#.#
#...##..#.#.#.#..#. #
#hS#........#.#.#.#
#.#h@h...# #.#.##(((
#....########.#.###(#
####.......##.#.#.###
#######.##.#.#....
#......##._.
###.##..#...
#.##..##'# #.###.....
#.#.......


You could see an adder (very drained) and 3 jackals.

Vanquished Creatures
  6 adders (D:2)
  2 worms (D:2)
  A dart slug (D:1)
  A ball python (D:2)
  7 endoplasms
  3 giant cockroaches
  4 goblins
  4 hobgoblins
  A jackal (D:3)
  4 kobolds
  2 quokkas
  4 bats
  2 rats (D:1)
41 creatures vanquished.

Notes
Turn   | Place    | Note
-------+----------+-------------------------------------------
     0 | D:1      | Hubjo the Deep Elf Monk began the quest for the Orb.
     0 | D:1      | Reached XP level 1. HP: 13/13 MP: 3/3
   341 | D:1      | Reached skill level 3 in Stealth
   341 | D:1      | Reached XP level 2. HP: 18/18 MP: 4/4
   923 | D:2      | Reached XP level 3. HP: 23/23 MP: 5/5
   986 | D:2      | Reached skill level 4 in Stealth
  1392 | D:2      | Found a faded altar of an unknown god.
  1477 | D:2      | Reached XP level 4. HP: 27/28 MP: 6/6
  1734 | D:2      | Found Nudd's General Store.
  1938 | D:3      | Found a hide-covered altar of Uskayaw.
  1938 | D:3      | Noticed a +0 spear
  1938 | D:3      | Noticed a +0 short sword
  1938 | D:3      | Noticed a +0 dagger
  1940 | D:3      | Noticed a +0 spear
  1940 | D:3      | Noticed a +0 dagger
  1941 | D:3      | Noticed a +0 falchion
  1942 | D:3      | Noticed a +0 short sword
  1942 | D:3      | Noticed a +0 falchion
  1980 | D:3      | Gained mutation: You are occasionally teleported next to
                  | monsters. [potion of mutation]
  1980 | D:3      | Gained mutation: You are partially covered in iridescent
                  | scales. (AC +2) [potion of mutation]
  1980 | D:3      | Slain by a jackal

Illustrated notes

Levels and vault maps discovered:
D:1:      scummos_arrival_checkerplants, layout_rooms
D:2:      layout_loops_cross, shapermc_ecumenical_altar_pompeii, serial_shops,
          shop, minmay_circle_x
D:3:      layout_basic, nicolae_qazlal_eye_of_the_storm,
          nicolae_uskayaw_en_pointe, minitemple, minmay_checkerbox

Skill      XL: |  1  2  3 |
---------------+----------+-----
Stealth        | 3 4 |  4.7
Fighting       | 3 |  3.5
Short Blades   | |  3.0
Dodging        | |  3.6

Action                   |  1- 3 |  4- 6 || total
-------------------------+-------+-------++-------
Melee: Short sword       |   120 |    23 ||   143
  Use: Potion            |     2 |     1 ||     3
       Scroll            |       |     1 ||     1
 Stab: Sleeping          |     6 |     6 ||    12
Armor: Robe              |    25 |    12 ||    37
Dodge: Dodged            |   108 |    30 ||   138

Table legend: (Time is in decaauts)
 A = Elapsed time spent in this place.
 B = Non-inter-level travel time spent in this place.
 C = Inter-level travel time spent in this place.
 D = Time resting spent in this place.
 E = Time spent auto-exploring this place.
 F = Levels seen in this place.
 G = Mean time per level.
                   A        B        C        D        E       F      G
               +--------+--------+--------+--------+--------+-----+--------+
         Total |   1972 |   1926 |     46 |      0 |   1588 |   3 |  657.3 |
       Dungeon |   1972 |   1926 |     46 |      0 |   1588 |   3 |  657.3 |
               +--------+--------+--------+--------+--------+-----+--------+

Top non-repeatable levels by time:
     D:2: 1008 daAuts
     D:1: 908 daAuts
     D:3: 54 daAuts
